 Dungeon Crawl Stone Soup version 0.28-b1-25-g9875b3fc8c (webtiles) character file.

Game seed: 17605040444726434727

770 lordive the Summoner (level 7, -6/35 (36) HPs)
             Began as a Tengu Summoner on Jan 31, 2022.
             Killed by an exploding themself (37 damage)
             ... ignited by their inner flame
             ... on level 4 of the Dungeon.
             The game lasted 00:11:08 (5238 turns).

lordive the Summoner (Tengu Summoner)               Turns: 5238, Time: 00:11:09

HP:   -6/35 (36)    AC:  2    Str:  9    XL:     7   Next: 82%
MP:   7/14          EV: 15    Int: 17    God:
Gold: 128           SH:  0    Dex: 14    Spells: 6/15 levels left

rFire   . . .      SeeInvis .   d - +1 whip (elec)
rCold   + . .      Faith    .   (no shield)
rNeg    . . .      Spirit   .   a - +0 robe
rPois   .          Reflect  .   (helmet restricted)
rElec   .          Harm     .   (no cloak)
rCorr   .          Rampage  .   (no gloves)
Will    .....                   (boots unavailable)
Stlth   ++........              (no amulet)
HPRegen 0.11/turn               b - ring of protection from cold
MPRegen 0.14/turn               (no ring)

@: flying quickly and evasively, lightly drained, quick
A: beak, talons 3, nimble flight
a: no special abilities


You were on level 4 of the Dungeon.
You visited 1 branch of the dungeon, and saw 4 of its levels.

You collected 152 gold pieces.
You spent 24 gold pieces at shops.

Inventory:

Hand Weapons
 d - a +1 whip of electrocution (weapon)
Missiles
 m - a throwing net
Armour
 a - a +0 robe (worn)
 n - an orb of energy
Jewellery
 b - a ring of protection from cold (left hand)
 i - a +6 ring of strength
Scrolls
 c - a scroll of fear {unknown}
 e - a scroll of noise {unknown}
 f - 2 scrolls of silence {unknown}
 j - a scroll of fog {unknown}
 k - a scroll of brand weapon {unknown}
 l - a scroll of amnesia {unknown}
 o - a scroll of acquirement {unknown}
Potions
 g - a potion of berserk rage {unknown}
 h - 4 potions of heal wounds {unknown}


   Skills:
 + Level 2.4 Dodging
 - Level 2.0 Stealth
 + Level 4.6 Spellcasting
 * Level 9.6 Summonings


You had 6 spell levels left.
You knew the following spells:

 Your Spells              Type           Power      Damage    Failure   Level
a - Summon Small Mammal   Summ           100%       N/A       1%          1
b - Call Imp              Summ           36%        N/A       1%          2
c - Call Canine Familiar  Summ           36%        N/A       1%          3
d - Summon Guardian Gole  Hex/Summ       20%        N/A       6%          3

Your spell library contained the following spells:

 Spells                   Type           Power      Damage    Failure   Level
 Apportation              Tloc           6%         N/A       16%         1
 Magic Dart               Conj           12%        1d3       16%         1
 Summon Lightning Spire   Summ/Air       20%        N/A       21%         4
 Mephitic Cloud           Conj/Pois/Air  3%         N/A       41%         3
 Alistair's Intoxication  Tmut/Pois      2%         N/A       99%         5


Dungeon Overview and Level Annotations

Branches:
Dungeon (4/15)
 Temple: D:4-7

Altars:
Makhleb

Shops:
D:3 *


Innate Abilities, Weirdness & Mutations

You have a beak for a mouth.
You have claws for feet.
Your magical nature lets you fly swiftly and evasively.


Message History

Your quokka bites the wight.
The ball python bites your guardian golem but does no damage.
Your quokka closely misses the wight.
The wight hits your quokka with a +4 dagger!
Your quokka dies!
Your quokka's corpse disappears in a puff of smoke!
Your guardian golem overheats!
The ball python bites your guardian golem.
Flame seeps out of your guardian golem.
Your quokka barely misses the wight.
The wight closely misses you.
The hobgoblin closely misses your quokka.
Your guardian golem is engulfed in blazing flames.
Flame seeps out of your guardian golem.
The ball python bites your guardian golem but does no damage.
Your quokka bites the wight but does no damage.
The wight misses you.
The hobgoblin barely misses your quokka.
The ball python bites your guardian golem but does no damage.
Your quokka barely misses the wight.
Your guardian golem is engulfed in blazing flames.
Flame seeps out of your guardian golem. The wight hits you with a +4 dagger.
You feel drained.
The ball python bites your guardian golem but does no damage.
The hobgoblin barely misses your quokka.
Your quokka closely misses the wight.
Your guardian golem is engulfed in blazing flames.
Your guardian golem disappears in a puff of smoke!
Your guardian golem explodes!
The fiery explosion engulfs the ball python!!!
The ball python dies!
The fiery explosion engulfs the wight!!
The wight is destroyed!
The fiery explosion engulfs the hobgoblin!!
The hobgoblin dies!
The fiery explosion engulfs your quokka!
Your quokka dies!
Your quokka's corpse disappears in a puff of smoke!
The fiery explosion engulfs you!!!
Ouch! That really hurt!
You die...

.#..≈≈≈P#.#..#P.≈≈P.
≈≈.......≈#.....#..P.P.
.≈≈...........#.÷#......
≈≈♣..........###.)>...))
.♣............##....<.).
..............#...#..†..
......†§.........##.##.#
.....§°§.........#######
.#.....§@..........# #
#.............#....## #
..............##....#####
..## ....................#.#.
...####............##........
......#.........###..#.......
#........#....###....#....###
#..<...#................###
#.##.......................


There were no monsters in sight!

Vanquished Creatures (collateral kills)
  Sigmund (D:2)
  2 black bears (D:4)
  A scorpion (D:4)
  A bullfrog skeleton (D:4)
  2 gnoll shamans (D:4)
  A hound (D:4)
  8 gnolls
  4 adders
  4 adder skeletons (D:4)
  7 dart slugs
  13 orcs
  8 endoplasms
  2 goblins
  9 hobgoblins
  10 jackals
  3 quokkas
  7 ball pythons
  2 bats
  4 frilled lizards (D:3)
  5 kobolds
  10 rats
104 creatures vanquished.

Vanquished Creatures (others)
  A wight (D:4)
  3 gnolls (D:4)
  A ball python (D:4)
  A hobgoblin (D:4)
  35 plants
41 creatures vanquished.

Grand Total: 145 creatures vanquished

Notes
Turn   | Place    | Note
-------+----------+-------------------------------------------
     0 | D:1      | lordive the Tengu Summoner began the quest for the Orb.
     0 | D:1      | Reached XP level 1. HP: 10/10 MP: 4/4
    54 | D:1      | Reached skill level 5 in Summonings
   119 | D:1      | Reached XP level 2. HP: 15/15 MP: 4/6
   122 | D:1      | Learned a level 2 spell: Call Imp
  1455 | D:2      | Reached XP level 3. HP: 19/19 MP: 3/7
  1459 | D:2      | Learned a level 3 spell: Call Canine Familiar
  1719 | D:2      | Noticed Sigmund
  1774 | D:2      | Killed Sigmund
  1775 | D:2      | Reached skill level 7 in Summonings
  1775 | D:2      | Reached XP level 4. HP: 20/24 MP: 5/10
  1775 | D:2      | Gained mutation: Your magical nature lets you fly swiftly
                  | and evasively. [Tengu growth]
  1775 | D:2      | Reached XP level 5. HP: 23/28 MP: 5/11
  2052 | D:2      | Learned a level 3 spell: Summon Guardian Golem
  3086 | D:3      | Reached XP level 6. HP: 32/32 MP: 5/12
  3415 | D:3      | Found Zeanafaevo's General Store.
  3446 | D:3      | Bought a scroll of identify for 24 gold pieces
  4319 | D:4      | Noticed a black bear
  4343 | D:4      | Killed a black bear
  4344 | D:4      | Reached skill level 8 in Summonings
  4482 | D:4      | Reached XP level 7. HP: 36/36 MP: 10/14
  4531 | D:4      | Found a burning altar of Makhleb.
  4751 | D:4      | Reached skill level 9 in Summonings
  5108 | D:4      | Identified the +8 chain mail "Xedu" {rN+ Int+4}
  5238 | D:4      | Killed by an exploding themself... ignited by their inner
                  | flame

Illustrated notes

Levels and vault maps discovered:
D:1:      tarquinn_simple_flora_water_c, layout_basic,
          hangedman_decor_peaks_small, kennysheep_another_room,
          wad_floor_pattern_untrapped, chequers_jeans
D:2:      layout_loops_ring, serial_bayou, serial_bayou_shore_a,
          serial_bayou_lagoon_b, serial_bayou_pond_b, serial_bayou_pond_a,
          uniq_sigmund
D:3:      layout_basic, serial_shops, nicolae_shop_trees, nicolae_grassy_gnolls
D:4:      layout_cave_pools, overflow_temple_1_default, serial_bayou,
          serial_bayou_crossing, serial_bayou_pond_b, serial_bayou_pond_b,
          serial_bayou_pond_b, serial_bayou_pond_a, serial_bayou_lagoon_a

Skill      XL: |  1  2  3  4  5  6  7 |
---------------+----------------------+-----
Summonings     | 5 7 8 9 |  9.6
Spellcasting   | 3 4 |  4.6
Dodging        | |  2.4
Stealth        | |  2.0

Action                   |  1- 3 |  4- 6 |  7- 9 || total
-------------------------+-------+-------+-------++-------
 Cast: Summon Small Mamm |    32 |    29 |    16 ||    77
       Call Imp          |    11 |    10 |     5 ||    26
       Call Canine Famil |     4 |    23 |     6 ||    33
       Summon Guardian G |       |     1 |     4 ||     5
  Use: Scroll            |       |     1 |       ||     1
Armor: Robe              |     6 |     1 |     3 ||    10
Dodge: Dodged            |     6 |    33 |    16 ||    55
